 Dungeon Crawl Stone Soup version 0.29.1-2-gbd0b4ee654 (webtiles) character file.

Game seed: 14444797372818827268

415 croobank the Ducker (level 6, -5/28 HPs)
             Began as a Felid Summoner on Nov 25, 2022.
             Shot with an arrow by a centaur (9 damage)
             ... on level 5 of the Dungeon.
             The game lasted 00:24:40 (6455 turns).

croobank the Ducker (Felid Summoner)                Turns: 6455, Time: 00:24:41

Health: -5/28      AC:  2    Str:  3 (4)  XL:     6   Next: 60%
Magic:  1/13       EV: 19    Int: 16 (19) God:
Gold:   134        SH:  0    Dex: 14 (16) Spells: 4/13 levels left
                                        Lives:  0   Deaths: 2

rFire   . . .      SeeInvis +   (weapon unavailable)
rCold   . . .      Faith    .   (shield unavailable)
rNeg    . . .      Spirit   .   (body armour unavailable)
rPois   .          Reflect  .   (helmet unavailable)
rElec   .          Harm     .   (cloak unavailable)
rCorr   .          Rampage  .   (gloves unavailable)
Will    +....                   (boots unavailable)
Stlth   +++.......              (no amulet)
HPRegen 0.09/turn               e - ring of willpower
MPRegen 0.13/turn               (no ring)

@: quick
A: very small, claws 1, fangs 3, see invisible, speed 1, shaggy fur 2, stealthy
paws, no weapons or thrown items, no armour, multi-lived
a: no special abilities


You were on level 5 of the Dungeon.
You visited 1 branch of the dungeon, and saw 5 of its levels.

You collected 261 gold pieces.
You spent 127 gold pieces at shops.

Inventory:

Jewellery
 e - a ring of willpower (left paw)
 f - a ring of fire
Scrolls
 i - a scroll of fog
 j - 2 scrolls of immolation
 l - a scroll of identify
 m - a scroll of teleportation
 n - a scroll of magic mapping
Potions
 a - a potion of magic
 b - a potion of curing
 c - a potion of mutation
 g - a potion of flight
 h - 2 potions of degeneration
 k - a potion of invisibility {unknown}


   Skills:
 * Level 4.3 Fighting
 + Level 5.7 Dodging
 - Level 4.5 Stealth
 + Level 4.0 Spellcasting
 + Level 3.5 Hexes
 + Level 5.5 Summonings


You had 4 spell levels left.
You knew the following spells:

 Your Spells              Type           Power      Damage    Failure   Level
a - Summon Small Mammal   Summ           84%        N/A       1%          1
b - Call Imp              Summ           21%        N/A       2%          2
c - Call Canine Familiar  Summ           21%        N/A       4%          3
d - Summon Guardian Gole  Hex/Summ       17%        N/A       8%          3

Your spell library contained the following spells:

 Spells                   Type           Power      Damage    Failure   Level
 Slow                     Hex            56%        N/A       4%          1
 Confusing Touch          Hex            14%        N/A       12%         3
 Beastly Appendage        Tmut           6%         N/A       17%         1
 Wereblood                Tmut           3%         N/A       26%         2
 Spider Form              Tmut/Pois      3%         N/A       45%         3
 Vampiric Draining        Necr           3%         2d6       45%         3
 Summon Lightning Spire   Summ/Air       12%        N/A       47%         4


Dungeon Overview and Level Annotations

Branches:
Dungeon (5/15)
 Temple: D:4-7

Altars:
Cheibriados
Dithmenos
Hepliaklqana
Ru
Uskayaw
Xom
Yredelemnul

Shops:
D:2 *   D:4 *

Annotations:
D:5 4 runed translucent doors


Innate Abilities, Weirdness & Mutations

You have sharp claws.
You have razor-sharp teeth.
You have supernaturally acute eyesight. (SInv)
You cover ground quickly. (Speed+)
You are covered in thick fur. (AC +2)
Your paws help you pounce on unaware monsters.
You are incapable of wielding weapons or throwing items.
You cannot wear armour.
You gain extra lives every three experience levels.


Message History

The centaur wields a +0 shortbow.
The centaur shoots an arrow.
The arrow completely misses you.
The centaur unwields a +0 shortbow.
The centaur barely misses you. The centaur completely misses you.
You scratch the centaur. You bite the centaur.
The centaur is moderately wounded.
The centaur barely misses you. The centaur kicks you.
The centaur misses you. x2
You scratch the centaur but do no damage.
The centaur is moderately wounded.
The centaur misses you. x2
You scratch the centaur but do no damage.
The centaur is moderately wounded.
The centaur hits you. The centaur closely misses you. x2
The centaur kicks you but does no damage.
Casting: Summon Small Mammal (safe; 1% risk of failure)
Confirm with . or Enter, or press ? or * to list all spells.
You don't have enough magic to cast this spell.
Casting: Summon Small Mammal (safe; 1% risk of failure)
Confirm with . or Enter, or press ? or * to list all spells.
The centaur hits you.
* * * LOW HITPOINT WARNING * * *
The centaur kicks you.
* * * LOW HITPOINT WARNING * * *
The orc barely misses your quokka.
You swap places.
The centaur wields a +0 shortbow.
The centaur shoots an arrow.
The arrow hits your quokka!
Your quokka dies!
Your quokka's corpse disappears in a puff of smoke!
Okay, then.
Okay, then.
Okay, then.
Okay, then.
Okay, then.
It was a potion of degeneration.
There was something very wrong with that liquid.
You feel weakened.
You feel dopey.
You feel clumsy.
The centaur shoots an arrow.
The arrow misses you.
The arrow closely misses the orc.
The orc misses you. The iguana misses you.
The centaur shoots an arrow.
The arrow hits you!
You die...

#.##.#..# #.........#.###
.#(#.#..# #.###.###.#.#
####.#..###'###'###.#.#
....##..#.........#.#<#
#####...#.........#.############
......#.#......................#
...####...........#.........#.##
...######......l..#########.#.#
.#......5......o@§c..######.#.#
.§.o#########.######.#......#.#
##..# ###..# #.#.######.#
..#.######....######..........#
⌠.#....................########
..#.#####.###.#####....#......#
##~.........#.# #......#.####.#
≈~....###.#.#.#####.#.##.# #.#
≈~..#....................# #.#


You could see a centaur, an iguana and an orc.

Vanquished Creatures
  A gnoll (D:2)
  An ufetubus (D:5)
  2 dart slugs (D:3)
  2 bats
  An endoplasm (D:3)
  2 giant cockroaches
  3 goblins
  6 hobgoblins
  A jackal (D:1)
  2 kobolds
  A quokka (D:2)
  3 ball pythons
  2 frilled lizards
  2 rats
29 creatures vanquished.

Vanquished Creatures (collateral kills)
  A phantom (D:4)
  A scorpion (D:4)
  2 jellies
  3 orc priests
  5 hounds
  Jessica (D:2)
  2 iguanas
  2 orc wizards (D:3)
  7 adders
  2 gnolls (D:2)
  2 ufetubi
  A dart slug (D:1)
  4 orcs
  7 ball pythons
  6 endoplasms
  2 giant cockroaches (D:1)
  6 goblins
  2 hobgoblins
  6 jackals
  5 kobolds
  10 quokkas
  3 bats
  6 frilled lizards
  3 rats
  A spectral hobgoblin (D:3)
90 creatures vanquished.

Vanquished Creatures (others)
  A wyvern (D:5)
  A dart slug (D:5)
2 creatures vanquished.

Grand Total: 121 creatures vanquished

Notes
Turn   | Place    | Note
-------+----------+-------------------------------------------
     0 | D:1      | croobank the Felid Summoner began the quest for the Orb.
     0 | D:1      | Reached XP level 1. HP: 7/7 MP: 4/4
   250 | D:1      | Reached XP level 2. HP: 11/11 MP: 1/6
   295 | D:1      | Learned a level 2 spell: Call Imp
  1126 | D:1      | Reached XP level 3. HP: 14/14 MP: 2/7
  1216 | D:1      | Learned a level 3 spell: Call Canine Familiar
  1740 | D:2      | Reached XP level 4. HP: 17/18 MP: 2/9
  1924 | D:2      | Found a shimmering altar of Xom.
  2004 | D:2      | Noticed Jessica
  2010 | D:2      | Killed Jessica
  2279 | D:2      | Found Jer Icu's General Store.
  2282 | D:2      | Bought a scroll of identify for 26 gold pieces
  2505 | D:2      | Found a faded altar of an unknown god.
  2561 | D:2      | Reached XP level 5. HP: 16/21 MP: 6/10
  3022 | D:3      | Reached skill level 1 in Fighting
  3540 | D:3      | Learned a level 3 spell: Summon Guardian Golem
  3586 | D:3      | Gained mutation: You are covered in thick fur. (AC +2)
                  | [Felid growth]
  3586 | D:3      | Reached XP level 6. HP: 26/26 MP: 4/11
  3689 | D:3      | Reached skill level 1 in Hexes
  4098 | D:3      | Found a hazy altar of Hepliaklqana.
  4410 | D:4      | Found a snail-covered altar of Cheibriados.
  4411 | D:4      | Found a basalt altar of Yredelemnul.
  4433 | D:4      | Reached skill level 5 in Summonings
  4540 | D:4      | Found a sacrificial altar of Ru.
  4627 | D:4      | Found a shadowy altar of Dithmenos.
  4638 | D:4      | Reached skill level 5 in Dodging
  4706 | D:4      | Found a hide-covered altar of Uskayaw.
  4738 | D:4      | Found Yruthef's Assorted Antiques.
  4743 | D:4      | Bought a fizzy ruby potion for 23 gold pieces
  4743 | D:4      | Bought a scroll labelled BATULO ORYH for 26 gold pieces
  4743 | D:4      | Bought a scroll of identify for 52 gold pieces
  4816 | D:4      | Reached XP level 7. HP: 18/31 MP: 10/13
  5300 | D:5      | Entered Level 5 of the Dungeon
  5363 | D:5      | Found a large runed translucent door.
  5364 | D:5      | Found a large runed translucent door.
  5371 | D:5      | Noticed a yak
  5371 | D:5      | Noticed a yak
  5377 | D:5      | Identified the +0 chain mail of Teevy {rN+}
  5710 | D:5      | Found a large runed translucent door.
  5710 | D:5      | Found a large runed translucent door.
  5736 | D:5      | Shot with an arrow by a centaur
  5737 | D:5      | Reached XP level 6. HP: 0/28 MP: 6/12
  6160 | D:5      | Noticed a wyvern
  6200 | D:5      | Slain by a wyvern
  6201 | D:5      | Reached XP level 5. HP: -5/25 MP: 1/11
  6413 | D:5      | Killed a wyvern
  6414 | D:5      | Reached XP level 6. HP: 9/28 MP: 4/13
  6455 | D:5      | Shot with an arrow by a centaur

Illustrated notes

Levels and vault maps discovered:
D:1:      sevenhm_arrival_forest_fort_large_3, layout_basic, minmay_box_of_dots
D:2:      layout_rooms, ebering_ecumenical_altar_abandoned, basic_altar,
          serial_shops, nicolae_shop_behind_doors, roderic_lattice_a,
          hangedman_decor_growths, minmay_close_crescents, uniq_jessica
D:3:      layout_basic, nicolae_hepliaklqana_monster_ancestors,
          chequers_serial_rivers_large_a
D:4:      layout_cave_pools, grunt_temple_overflow_open, serial_shops,
          kennysheep_little_box
D:5:      layout_basic, mainiacjoe_overflow_cross_hatched, minivault_27,
          hangedman_abyss_or_decor_stabs, fountainhead,
          minmay_hollow_rounded_squares

Skill      XL: |  1  2  3  4  5  6 |
---------------+-------------------+-----
Stealth        | 3 4 |  4.5
Dodging        | 3 4 5 |  5.7
Spellcasting   | 4 |  4.0
Fighting       | 4 3 |  4.3
Hexes          | 3 2 |  3.5
Summonings     | 5 |  5.5

Action                   |  1- 3 |  4- 6 |  7- 9 || total
-------------------------+-------+-------+-------++-------
Melee: Unarmed           |    25 |    81 |     8 ||   114
       Bite              |     2 |    14 |     2 ||    18
 Cast: Summon Small Mamm |    30 |    30 |     6 ||    66
       Call Imp          |    10 |    18 |     2 ||    30
       Call Canine Famil |     5 |    32 |     5 ||    42
       Summon Guardian G |       |     3 |       ||     3
  Use: Scroll            |       |    14 |     2 ||    16
       Potion            |       |     2 |       ||     2
 Stab: Sleeping          |     6 |    12 |     1 ||    19
       Distracted        |     1 |       |       ||     1
Armor: Skin              |     1 |    11 |     4 ||    16
Dodge: Dodged            |    23 |   157 |    24 ||   204
